 Dungeon Crawl Stone Soup version 0.17-a0-2064-g265a032 (webtiles) character file.

61 derrpe the Charmwright (level 4, -2/29 HPs)
             Began as a Halfling Skald on Oct 12, 2015.
             Slain by an adder (4 damage)
             ... on level 2 of the Dungeon.
             The game lasted 00:03:08 (1882 turns).

derrpe the Charmwright (Halfling Skald)             Turns: 1882, Time: 00:03:09

Health: -2/29      AC:  6    Str: 10 (12) XL:     4   Next: 27%
Magic:  3/6        EV: 11    Int: 12      God:
Gold:   97         SH:  0    Dex: 13      Spells: 2 memorised, 3 levels left

rFire  . . .     SeeInvis .     a - +0 short sword
rCold  . . .     Clarity  .     f - +0 scale mail
rNeg   . . .     SustAt   .     (shield restricted)
rPois  .         Gourm    .     (no helmet)
rElec  .         Spirit   .     (no cloak)
rCorr  .         Warding  .     (no gloves)
rMut   .         Stasis   .     (no boots)
MR     .....                    k - amulet of rage
Stlth  ..........               (no ring)
                                (no ring)

@: very slightly contaminated, not resistant to hostile enchantments, extremely
unstealthy
A: mutation resistance 1
a: Evoke Berserk Rage


You were on level 2 of the Dungeon.
You were not hungry.

You visited 1 branch of the dungeon, and saw 2 of its levels.

You collected 97 gold pieces.

Inventory:

Hand Weapons
 a - a +0 short sword (weapon)
Armour
 f - a +0 scale mail (worn)
Jewellery
 k - an amulet of rage (around neck)
Scrolls
 b - a scroll of remove curse {unknown}
 e - 2 scrolls of teleportation {unknown}
 l - a scroll of immolation {unknown}
 o - a scroll of noise {unknown}
Potions
 g - a potion of degeneration
 i - a potion of heal wounds {unknown}
Books
 c - a book of Battle

   Spells                             Type                      Level
   a - Infusion                       Charms                       1
   b - Shroud of Golubria             Charms/Translocation         2
   c - Song of Slaying                Charms                       2
   d - Spectral Weapon                Hexes/Charms                 3
   e - Regeneration                   Charms/Necromancy            3
Comestibles
 d - 4 bread rations {@e1}
 h - 4 chunks of flesh {@w0}
 j - 5 fruits
 n - a beef jerky


   Skills:
 + Level 2.1 Fighting
 * Level 3.8 Short Blades
 - Level 1.1 Armour
 + Level 2.1 Dodging
 - Level 1.5 Spellcasting
 + Level 4.0 Charms


You had 3 spell levels left.
You knew the following spells:

 Your Spells              Type           Power        Failure   Level  Hunger
a - Infusion              Chrm           ##....       45%         1    ##.....
b - Shroud of Golubria    Chrm/Tloc      #.........   98%         2    ###....


Dungeon Overview and Level Annotations

Branches:
Dungeon (2/15)

Altars:

Annotations:
D:2 Jessica


Innate Abilities, Weirdness & Mutations

You are small and have problems with some larger weapons.
You are somewhat resistant to further mutation.


Message History

The adder bites you but does no damage. Jessica closely misses you.
The bat hits you. The rat bites you but does no damage.
Unknown command.
Casting: Infusion
Confirm with . or Enter, or press ? or * to list all spells.
You miscast Infusion.
Nothing appears to happen.
The bat barely misses you.
Jessica zaps a wand.
The puff of flame hits you!
* * * LOW HITPOINT WARNING * * *
The adder bites you but does no damage. The rat bites you but does no damage.
Jessica zaps a wand.
The puff of flame hits you!
* * * LOW HITPOINT WARNING * * *
The adder closely misses you.
Drink which item? (? for menu, Esc to quit)
It was a potion of degeneration.
There was something very wrong with that liquid.
You feel weakened. The bat hits you but does no damage.
Jessica mumbles some strange words.
Jessica blinks!
The adder bites you.
You die...

#..###..# #.###..##
####.# #.##############
#....# #.# #..........#
#^######.# #..........#
##.####...###..@.......#
..................b....#
...#..#######..........#
.##..##........ยง@S.....#
........#####.(..r.....#
###.##### #..........#
###.# #.......$..# #>..#
############ ..### ###


You could see an adder, Jessica, a bat and a rat.

Vanquished Creatures
  3 adders (D:2)
  2 giant geckos (D:1)
  5 bats (D:1)
  6 goblins
  2 hobgoblins
  4 kobolds
  A quokka (D:2)
  A ball python (D:2)
  5 giant newts
  9 rats
38 creatures vanquished.

Notes
Turn   | Place    | Note
--------------------------------------------------------------
     0 | D:1      | derrpe the Halfling Skald began the quest for the Orb.
     0 | D:1      | Reached XP level 1. HP: 14/14 MP: 3/3
   189 | D:1      | Reached XP level 2. HP: 13/19 MP: 4/4
  1025 | D:1      | Reached XP level 3. HP: 21/24 MP: 5/5
  1500 | D:2      | Learned a level 2 spell: Shroud of Golubria
  1679 | D:2      | Reached XP level 4. HP: 29/29 MP: 6/6
  1739 | D:2      | Reached skill level 4 in Charms
  1874 | D:2      | Noticed Jessica
  1882 | D:2      | Slain by an adder

Vault maps used:
D:1:      dpeg_cavernosity
D:2:      uniq_jessica

Action                   |  1- 3 |  4- 6 || total
-------------------------+-------+-------++-------
Melee: Short sword       |   122 |    18 ||   140
Throw: Stone             |    10 |     2 ||    12
 Cast: Infusion          |     2 |     1 ||     3
  Use: Potion            |       |     1 ||     1
  Eat: Chunk             |     3 |       ||     3
